 Dungeon Crawl Stone Soup version 0.30-a0-210-g01b79a254e (webtiles) character file.

Game seed: 15831574630056345663

3003 Iusername the Grappler (level 9, 0/132 HPs)
             Began as a Troll Berserker on Oct 4, 2022.
             Was a High Priest of Trog.
             Succumbed to a killer bee's poison
             ... on level 8 of the Dungeon.
             The game lasted 00:09:57 (7891 turns).

Iusername the Grappler (Troll Berserker)            Turns: 7891, Time: 00:09:57

Health: 0/132      AC:  4    Str: 31    XL:     9   Next: 54%
Magic:  8/8        EV:  9    Int:  9    God:    Trog [*****.]
Gold:   458        SH:  6    Dex:  9    Spells: 8/8 levels left

rFire   . . .      SeeInvis .      - Unarmed
rCold   . . .      Faith    .    B - +0 kite shield
rNeg    . . .      Spirit   .    a - +0 animal skin
rPois   .          Reflect  .    (helmet restricted)
rElec   .          Harm     .    (no cloak)
rCorr   .          Rampage  .    (gloves unavailable)
Will    .....                    (boots unavailable)
Stlth   ..........               (no amulet)
HPRegen 1.22/turn                g - +6 ring of intelligence
MPRegen 0.11/turn                (no ring)

@: berserking (expiring), lethally poisoned (0 -> -27), very quick
A: large, unfitting armour, claws 3, regeneration 1, shaggy fur 1, tough skin 1,
roll 1
a: Renounce Religion, Berserk, Trog's Hand, Brothers in Arms


You were on level 8 of the Dungeon.
You worshipped Trog.
Trog was extremely pleased with you.
You visited 1 branch of the dungeon, and saw 8 of its levels.
You also visited: Ossuary.

You collected 458 gold pieces.

Inventory:

Armour
 a - a +0 animal skin (worn)
 B - a +0 kite shield (worn)
Jewellery
 g - a +6 ring of intelligence (left claw)
 k - a ring of flight
Wands
 m - a wand of charming (8)
 q - a wand of flame (8)
 z - a wand of mindburst (11) (quivered)
 A - a wand of iceblast (10)
Scrolls
 b - 6 scrolls of identify {unknown}
 d - a scroll of blinking {unknown}
 e - 2 scrolls of teleportation {unknown}
 f - 2 scrolls of magic mapping {unknown}
 i - 3 scrolls of noise {unknown}
 n - 2 scrolls of amnesia {unknown}
 o - 3 scrolls of immolation {unknown}
 r - a scroll of summoning {unknown}
 w - 2 scrolls of enchant weapon {unknown}
 y - 2 scrolls of brand weapon
 D - a scroll of fog {unknown}
 E - a scroll of enchant armour {unknown}
Potions
 c - 2 potions of brilliance {unknown}
 h - a potion of ambrosia {unknown}
 j - 5 potions of mutation
 l - 2 potions of might {unknown}
 p - 2 potions of flight {unknown}
 s - 2 potions of heal wounds {unknown}
 t - 3 potions of lignification {unknown}
 u - 2 potions of degeneration {unknown}
 v - 6 potions of curing
 x - a potion of attraction {unknown}
 C - a potion of resistance {unknown}
 F - a potion of magic {unknown}


   Skills:
 + Level 5.0 Fighting
 + Level 4.8 Dodging
 + Level 1.7 Stealth
 + Level 0.3 Shields
 + Level 11.1 Unarmed Combat


You had 8 spell levels left.
You didn't know any spells.
Your spell library was empty.

Dungeon Overview and Level Annotations

Branches:
Dungeon (8/15)             Temple (0/1) D:5         Ossuary (visited)
   Lair: D:8-11

Altars:
Cheibriados
Elyvilon
Gozag
Trog
Yredelemnul

Shops:
D:2 [   D:7 =

Annotations:
D:6 2 transporters, LnG's ghost, novice KoSu


Innate Abilities, Weirdness & Mutations

You are too large for most types of armour.
You have claws for hands.
Your natural rate of healing is unusually fast.
You are covered in fur. (AC +1)
You have tough skin. (AC +1)
You can roll at nearby foes to attack.


Message History

The killer bee is almost dead.
You feel very sick. The killer bee stings you. x2
* * * LOW HITPOINT WARNING * * *
You are more poisoned.
The killer bee poisons you! The killer bee stings you.
* * * LOW HITPOINT WARNING * * *
The killer bee stings you!
* * * LOW HITPOINT WARNING * * *
You are more poisoned.
The killer bee poisons you! The killer bee stings you.
* * * LOW HITPOINT WARNING * * *
The killer bee stings you.
* * * LOW HITPOINT WARNING * * *
You are more poisoned.
The killer bee poisons you!
Unknown command.
You are too berserk!
You are too berserk!
The killer bee attacks as you move away!
The killer bee stings you.
* * * LOW HITPOINT WARNING * * *
You are more poisoned.
The killer bee poisons you!
The killer bee attacks as you move away!
You block the killer bee's attack.
* * * LOW HITPOINT WARNING * * *
You feel extremely sick.
There is an open door here.
The killer bee attacks as you move away!
The killer bee stings you.
* * * LOW HITPOINT WARNING * * *
You feel a strong urge to attack something.
* * * LOW HITPOINT WARNING * * *
You feel extremely sick.
There is a stone staircase leading down here.
You are too berserk!
You miss the killer bee.
The killer bee is almost dead.
You die...

.. ..# ###
.##[#########.##
###.#............#
.##........###.##.##
........# #.##.#
#....######.##.#
#.#........##.#
#.#####.#.#########.#
#......@..# #<###
#######y### #...#
#yy.# ###.# #.)...# #
#.# #.......# ##. #.#
#.........#
##...##.##
+.........+
..........
#........[#
##...##.##
##.......## ##. #.#


You could see 3 killer bees.

Vanquished Creatures
  Prince Ribbit (D:7)
  2 black bears
  4 sky beasts
  6 ogres
  2 centaurs (D:8)
  2 phantoms (D:6)
  3 bullfrogs
  4 scorpions
  A howler monkey (D:6)
  A jelly (D:7)
  5 hounds
  2 orc priests
  An iron imp (D:6)
  Ijyb (D:3)
  3 iguanas
  6 orc wizards
  14 mummies
  Robin (D:2)
  9 adders
  3 gnolls (D:4)
  A shadow imp (D:5)
  2 white imps (D:6)
  3 worms
  30 orcs
  8 ball pythons
  6 bats
  9 endoplasms
  6 giant cockroaches
  4 hobgoblins
  A quokka (D:4)
  2 training dummies (D:5)
  2 frilled lizards (D:2)
  A gnoll skeleton (Ossuary)
  7 goblins
  A goblin skeleton (Ossuary)
  11 kobolds
  3 kobold skeletons (Ossuary)
  3 orc skeletons (Ossuary)
  11 rats
  11 rat skeletons (Ossuary)
193 creatures vanquished.

Notes
Turn   | Place    | Note
-------+----------+-------------------------------------------
     0 | D:1      | Iusername the Troll Berserker began the quest for the Orb.
     0 | D:1      | Reached XP level 1. HP: 22/22 MP: 0/0
   126 | D:1      | Reached XP level 2. HP: 29/29 MP: 1/1
   423 | D:1      | Found a faded altar of an unknown god.
   567 | D:2      | Reached XP level 3. HP: 36/36 MP: 2/2
   616 | D:2      | Found Cuthrathro's Armour Boutique.
   704 | D:2      | Reached ** piety under Trog
   959 | D:2      | Noticed Robin
   966 | D:2      | Killed Robin
   967 | D:2      | Reached skill level 4 in Unarmed Combat
   967 | D:2      | Reached XP level 4. HP: 40/45 MP: 3/3
  1398 | D:3      | Noticed Ijyb
  1406 | D:3      | Killed Ijyb
  1414 | D:3      | Reached XP level 5. HP: 43/53 MP: 4/4
  1438 | D:3      | Reached skill level 5 in Unarmed Combat
  2778 | D:4      | Reached XP level 6. HP: 54/61 MP: 5/5
  2826 | D:4      | Reached *** piety under Trog
  3278 | D:4      | Reached skill level 6 in Unarmed Combat
  3412 | D:4      | Found a bloodstained altar of Trog.
  3412 | D:4      | Found a basalt altar of Yredelemnul.
  3412 | D:4      | Found an opulent altar of Gozag.
  3509 | D:4      | Noticed a sky beast
  3521 | D:4      | Killed a sky beast
  3522 | D:4      | Reached XP level 7. HP: 52/67 MP: 6/6
  3817 | D:5      | Entered Level 5 of the Dungeon
  3894 | D:5      | Reached skill level 7 in Unarmed Combat
  3919 | D:5      | Found a staircase to the Ecumenical Temple.
  3940 | D:5      | Found a white marble altar of Elyvilon.
  4218 | D:5      | Reached XP level 8. HP: 25/78 MP: 7/7
  4307 | D:5      | Found a sand-covered staircase.
  4316 | Ossuary  | Entered an ossuary
  4321 | Ossuary  | Reached **** piety under Trog
  4346 | Ossuary  | Reached skill level 8 in Unarmed Combat
  5208 | D:6      | Noticed LnG's ghost (novice KoSu)
  5215 | D:6      | Reached skill level 1 in Stealth
  5280 | D:6      | Reached skill level 9 in Unarmed Combat
  5361 | D:6      | Found a transporter.
  5591 | D:6      | Reached ***** piety under Trog
  5671 | D:6      | Found a snail-covered altar of Cheibriados.
  5676 | D:6      | Reached skill level 10 in Unarmed Combat
  5683 | D:6      | Reached XP level 9. HP: 76/84 MP: 8/8
  5693 | D:6      | Found a transporter.
  6076 | D:7      | Found Ikhlukky's Jewellery Shop.
  6661 | D:7      | Noticed Prince Ribbit
  6684 | D:7      | Gained mutation: You can roll at nearby foes to attack.
                  | [potion of mutation]
  6694 | D:7      | HP: 2/85 [Prince Ribbit (6)]
  6708 | D:7      | HP: 4/85 [Prince Ribbit (17)]
  6709 | D:7      | Killed Prince Ribbit
  7089 | D:7      | Identified the +9 sling of Xehoniaf {venom, Fragile rN+++
                  | rCorr Str+3}
  7658 | D:8      | Reached skill level 5 in Fighting
  7719 | D:8      | Reached skill level 11 in Unarmed Combat
  7890 | D:8      | HP: 4/132 [poisoned by a killer bee]
  7891 | D:8      | Succumbed to a killer bee's poison

Illustrated notes

Levels and vault maps discovered:
D:1:      dpeg_arrival_ratfight, layout_basic, basic_ecumenical_altar
D:2:      minmay_inner_zag, layout_loops_ring, serial_shops, shop,
          minmay_tromino_i2, uniq_robin
D:3:      layout_loops_corners, kennysheep_donut, uniq_ijyb
D:4:      layout_cave_pods, gammafunk_temple_overflow_claw
D:5:      dreamdust_elfheim, layout_basic, elyvilon_altar_1,
          minmay_temple_entry_drinking_statues, gup_ossuary_entry_pyramid
D:6:      layout_rooms, slow_altar_2, gammafunk_ghost_stat_death,
          minmay_misc_feat_doors
D:7:      layout_loops_corners, serial_shops, nicolae_shop_stone,
          uniq_prince_ribbit1
D:8:      layout_loops_corners

Skill      XL: |  1  2  3  4  5  6  7  8  9 |
---------------+----------------------------+-----
Fighting       | 3 4 5 |  5.0
Unarmed Combat | 4 5 6 7 10 11 | 11.1
Dodging        | 3 4 |  4.8
Stealth        | 1 |  1.7
Shields        | |  0.3

Action                   |  1- 3 |  4- 6 |  7- 9 || total
-------------------------+-------+-------+-------++-------
Melee: Unarmed           |    93 |   126 |   301 ||   520
       Punch             |       |     3 |     2 ||     5
Invok: Berserk           |       |     1 |     2 ||     3
Evoke: Wand              |       |       |     1 ||     1
  Use: Scroll            |       |       |     1 ||     1
       Potion            |       |       |     4 ||     4
 Stab: Sleeping          |       |       |     2 ||     2
Armor: Animal skin       |    36 |    40 |    52 ||   128
Dodge: Dodged            |    50 |    61 |   106 ||   217
Block: Kite shield       |       |       |    28 ||    28

Table legend: (Time is in decaauts)
 A = Elapsed time spent in this place.
 B = Non-inter-level travel time spent in this place.
 C = Inter-level travel time spent in this place.
 D = Time resting spent in this place.
 E = Time spent auto-exploring this place.
 F = Levels seen in this place.
 G = Mean time per level.
                   A        B        C        D        E       F      G
               +--------+--------+--------+--------+--------+-----+--------+
         Total |   7860 |   7551 |    309 |   1530 |   4880 |   9 |  873.3 |
       Dungeon |   7499 |   7190 |    309 |   1530 |   4651 |   8 |  937.4 |
       Ossuary |    360 |    360 |      0 |      0 |    229 |   1 |  360.0 |
               +--------+--------+--------+--------+--------+-----+--------+

Top non-repeatable levels by time:
     D:7: 1691 daAuts
     D:3: 1410 daAuts
     D:4: 1049 daAuts
     D:5: 1038 daAuts
     D:2: 851 daAuts
     D:6: 634 daAuts
     D:1: 508 daAuts
 Ossuary: 360 daAuts
     D:8: 315 daAuts
